cohdb
Replays
Latest Replays
All Replays
Popular Replays
Top Player Replays
Match Explorer
How It Works
Community
CoH3 Stats
Reddit
Sign in to upload your games and track your stats! →
Sign in with Steam
Match 39784577
Unlisted
Match 39784577
Overview
Messages
Build Orders
End
Pioneer Squad
Construct Infanterie Kompanie
Grenadier Squad
Grenadier Squad
MG 42 Machine Gun Team
Selects Terror Battlegroup
Selects Machine Gun Camouflage
Grenadier Squad
Construct Panzergrenadier Kompanie
Selects Interrogate
251 Medium Carrier
Pak 40 Anti-tank Gun Team
Support Elements
Medical Bunker
MG 42 Machine Gun Team
StuG III G Assault Gun
Selects No Quarter
Nebelwerfer 42 Rocket Launcher Team
Panzergrenadier Squad
Construct Panzer Kompanie
Selects Jericho Trumpet
Jericho Trumpet
Panzer IV Medium Tank
Jericho Trumpet
Side Skirts
Stoßtruppen Squad
HIMYNAMEISHO
sharpshooter
aSIISpanky
aSIIDemolitionHammer
0
0
Comments
sign in to comment!
No comments posted yet!